← All builds
Beach sea / Cortex / Economy first / OBSERVED BUILD

Standard beach sea

The role's usual play: com goes to sea to build a shipyard around 2 minutes, pumping frigates and destroyers to contest enemy sea entry or hold vision, with an advanced metal extractor around 10 minutes as the transition into the team's…

Usually shipyard first (94%)

#naval #eco · 729 distinct matches · 102 players · 84% of Cortex Beach sea games · team won 55% of 789 · Recently observed

HOW TO PLAY IT

Key timing: Shipyard by 1:57

  1. Open 3 mex and wind while com heads straight to sea.
  2. Drop Shipyard fast, before 2:00, to seize early sea presence.
  3. Push "frigate" out to contest enemy sea entry or hold vision.
  4. Add "destroyer" as the fleet grows.
  5. Transition into Advanced Metal Extractor to catch up on eco.

Phase by phase

TYPICAL OF ITS 729 GAMES
  1. 1
  2. 2
  3. 3
PLAY THE OPENING

Follow the example game's first 6:00 step by step: what to build now, what comes next, and where it goes. At 1× it keeps pace with your own game.

  1. 1

    Up to the Shipyard

    Economy
    • Metal Extractor3Mex
    • Wind Turbine3Windfor allies
    • Wind Turbine2Wind
    • Energy Storage1Energy storage
    Order
    1. ShipyardShipyard after 3 mex, 2 wind, 1 energy storagedone ~1:57, middle half 1:45–2:08

    By 1:41 in all: 3 mex · 2 wind · 1 energy storage

    The example game in this phase · 5 steps
    1. Mex ×3
    2. Wind
    3. GuardGuard
    4. Tidal
    5. ShipyardShipyarddone 1:34 · typical 1:57
  2. 2

    Shipyard to 5:00

    Economy
    • Metal Extractor5Mex
    • Tidal Generator1Tidal
    Builders
    • Construction Ship2 Con ship
    Army
    • Riptide2 Frigate
    • Herring1 Missile corvette
    • Oppressor1 Destroyer
    Other
    • Naval Radar / Sonar Tower1 Naval Radar / Sonar Tower

    Some games also: Urchin (42%) · wind (41%) · submarine (40%) · con turret (35%) · gunboat (34%)

    By 5:00 in all: 8 mex · 3 wind · 2 tidal · 1 energy storage

    The example game in this phase · 25 steps
    1. Windfor Air
    2. Construction ShipCon ship
    3. Windfor Air
    4. Construction ShipCon ship
    5. Wind ×2for Air
    6. Mex
    7. Tidal ×2
    8. HerringMissile corvette
    9. SupporterGunboat
    10. Mex
    11. SupporterGunboat ×2
    12. Wind
    13. SupporterGunboat
    14. Naval Radar / Sonar TowerNaval Radar / Sonar Tower
    15. Mex
    16. Wind ×2
    17. RiptideFrigatedone 4:05 · typical 3:51
    18. Wind
    19. RiptideFrigate
    20. Mex
    21. Naval Energy Converter
    22. Wind
    23. OrcaSubmarinedone 5:12
    24. Naval Energy Converter
    25. Wind
  3. 3

    5:00 to 10:00

    Economy
    • Metal Extractor1Mex
    • Wind Turbine10Wind
    Builders
    • Death Cavalry1 Death Cavalry
    • Construction Ship1 Con ship
    Army
    • Riptide5 Frigate
    • Oppressor2 Destroyer
    • Herring2 Missile corvette
    Other
    • Naval Radar / Sonar Tower1 Naval Radar / Sonar Tower

    Some games also: Urchin (50%) · Naval Construction Turret (47%) · Guard (47%) · Radar Tower (41%) · tidal (38%)

    By 10:00 in all: 9 mex · 12 wind · 4 wind · 4 tidal · 1 energy storage · 1 Naval Construction Turret

    The example game in this phase · 114 steps
    1. Wind
    2. Mex
    3. RiptideFrigate
    4. UrchinUrchin
    5. Mex
    6. Wind
    7. GuardGuard ×2
    8. RiptideFrigate
    9. UrchinUrchin
    10. Con turret
    11. Radar TowerRadar Tower
    12. Naval Radar / Sonar TowerNaval Radar / Sonar Tower
    13. Death CavalryDeath Cavalry
    14. Mex
    15. HerringMissile corvette
    16. OrcaSubmarine
    17. Converter
    18. Wind ×2
    19. Converter
    20. Wind ×2
    21. Energy storage
    22. RiptideFrigate
    23. Wind ×2
    24. GuardGuard
    25. Wind
    26. RiptideFrigate
    27. Wind
    28. GuardGuard
    29. Wind
    30. Naval Construction Turret
    31. Wind
    32. OrcaSubmarine
    33. Wind
    34. Mex
    35. Wind ×5
    36. Advanced Metal ExtractorT2 mexdone 9:29 · typical 9:57
    37. Wind
    38. RiptideFrigate
    39. Wind
    40. RiptideFrigate
    41. UrchinUrchin
    42. Wind
    43. Advanced Metal ExtractorT2 mex
    44. Wind
    45. RiptideFrigate
    46. Wind
    47. RiptideFrigate
    48. Wind
    49. Advanced Metal ExtractorT2 mex
    50. Wind
    51. RiptideFrigate
    52. Mex
    53. Death CavalryDeath Cavalry
    54. OppressorDestroyernot finished by 15:00 · typical 5:09
    55. Naval Construction Turret
    56. HerringMissile corvette
    57. Advanced Metal ExtractorT2 mex
    58. GuardGuard
    59. Naval Construction Turret
    60. HerringMissile corvette
    61. GuardGuard
    62. Wind
    63. OppressorDestroyer
    64. Wind
    65. UrchinUrchin
    66. Wind ×2
    67. Tidal
    68. Wind
    69. OppressorDestroyer
    70. Wind
    71. Tidal
    72. Naval Construction Turret
    73. Wind ×2
    74. Tidal
    75. Wind
    76. Tidal
    77. Wind
    78. Tidal
    79. Wind
    80. OppressorDestroyer
    81. Tidal
    82. OrcaSubmarine
    83. Wind
    84. Tidal
    85. Naval Radar / Sonar TowerNaval Radar / Sonar Tower
    86. Wind
    87. OrcaSubmarine
    88. UrchinUrchin
    89. Wind
    90. OrcaSubmarine
    91. Wind
    92. OrcaSubmarine
    93. Wind
    94. Shark's TeethShark's Teeth
    95. Wind
    96. Shark's TeethShark's Teeth ×2
    97. OrcaSubmarine
    98. Wind
    99. Shark's TeethShark's Teeth
    100. Wind
    101. Shark's TeethShark's Teeth
    102. HerringMissile corvette
    103. Shark's TeethShark's Teeth
    104. Death CavalryDeath Cavalry
    105. Wind
    106. Shark's TeethShark's Teeth ×2
    107. Wind
    108. Death CavalryDeath Cavalry
    109. RiptideFrigate ×4
    110. Mex
    111. RiptideFrigate
    112. Mex
    113. Construction ShipCon ship ×2
    114. Advanced Metal ExtractorT2 mex

Counts are medians over the build's games: half of them build more, half fewer. The example game is EpicTyrannus's (42 OS, 22/09/2026); pick another.

Team trades

IN AT LEAST 30% OF ITS GAMES

You hand over

  • Wind Turbine3 Wind to Airfirst at 1:54 · in 79% of games

You get

  • Finch1 Finch from Airfirst at 1:58 · in 81% of games
  • Lazarus1 Lazarus from Geofirst at 2:14 · in 62% of games
  • Hephaestus1 Heavy transport from Airfirst at 2:16 · in 68% of games
  • Construction Bot1 Con bot from Geofirst at 2:29 · in 69% of games
  • Hercules1 Light transport from Airfirst at 2:35 · in 31% of games
  • Advanced Construction Bot1 T2 con bot from Techfirst at 8:09 · in 88% of games

How it plays out

Typical game of this build, running totals by minute

Metal produced

010k20k30k
0:005:0010:0015:00

metal

Enemy metal destroyed

05k10k
0:005:0010:0015:00

metal

Own metal lost

02.5k5k7.5k
0:005:0010:0015:00

metal

789 games.

Show as table
ByMetal produced: This buildEnemy metal destroyed: This buildOwn metal lost: This build
1:0040300
2:0093700
3:00156300
4:002522050
5:003699194100
6:005026532250
7:0064731100588
8:00808018571041
9:00968328851621
10:001160240232345
11:001382252273090
12:001635262003851
13:001911172574621
14:002186583045721
15:002487692656531
WHAT THE NUMBERS SAY

Standard Beach sea wins more than Geo sea's 50% and gets its Shipyard up faster, using early sea access before falling behind on land resources.

  • + Shipyard finishes by 1:57, faster than Geo sea's 3:18
  • + 54% team win rate beats the Cortex geo sea baseline
  • − Metal produced trails Geo sea's Cortex build, 24356 vs 28451 by 15:00
  • − T2 factory only lands in 35% of games by 12:42
THE EXAMPLE YOU ARE READING

EpicTyrannus

42.1 OS · 22/09/2026

Open source match ↗

9 received units · includes a constructor
15 metal received · 11785 energy received

Allied construction assistance is unknown. Timings are observations, not a promise of solo reproducibility.

Typical milestones

Shipyard1:57Middle 50%: 1:45–2:08 · n=787
Riptide3:51Middle 50%: 3:15–4:31 · n=782
Oppressor5:09Middle 50%: 4:11–6:07 · n=764
Advanced Metal Extractor9:57Middle 50%: 9:15–10:53 · n=667

Played most by

EpicTyrannus68games of this buildDamsko64games of this buildWaboum64games of this buildPRO_HYDRA54games of this buildMrCoolPotato51games of this build